 Dungeon Crawl Stone Soup version 0.29.0-11-gd7f09526c8 (webtiles) character file.

Game seed: 15272202024074078635

265 chrisa4242 the Conjurer (level 5, -6/37 HPs)
             Began as a Demonspawn Wanderer on Sept 4, 2022.
             Mangled by a kobold brigand
             ... wielding a +0 club
              (7 damage)
             ... while paralysed by a kobold brigand
             ... in a sewer.
             The game lasted 00:07:22 (3405 turns).

chrisa4242 the Conjurer (Demonspawn Wanderer)       Turns: 3405, Time: 00:07:22

Health: -6/37      AC:  7    Str:  8 (10) XL:     5   Next: 99%
Magic:  6/6        EV:  2    Int: 14 (16) God:
Gold:   108        SH:  0    Dex: 14      Spells: 5/6 levels left

rFire   . . .      SeeInvis .   k - +3 short sword
rCold   . . .      Faith    .   (no shield)
rNeg    + . .      Spirit   .   c - +0 robe
rPois   .          Reflect  .   h - +2 helmet
rElec   .          Harm     .   (no cloak)
rCorr   .          Rampage  .   (no gloves)
Will    .....                   (no boots)
Stlth   ++........              (no amulet)
HPRegen 0.12/turn               j - ring of positive energy
MPRegen 0.10/turn               (no ring)

@: paralysed, slowed
A: hooves 1, slimy green scales 1, foul stench 1
a: no special abilities


You were in a sewer.
You visited 1 branch of the dungeon, and saw 3 of its levels.
You also visited: Sewer.

You collected 108 gold pieces.

Inventory:

Hand Weapons
 a - a +0 dagger
 f - a +1 short sword
 k - a +3 short sword (weapon)
Missiles
 i - 7 poisoned darts (quivered)
Armour
 c - a +0 robe (worn)
 d - a +0 helmet
 h - a +2 helmet (worn)
 l - a +0 scale mail of cold resistance
Jewellery
 j - a ring of positive energy (left hand)
Scrolls
 b - a scroll of fear
 e - a scroll of identify {unknown}
 g - 2 scrolls of enchant armour {unknown}
 m - a scroll of magic mapping {unknown}


   Skills:
 + Level 1.1 Fighting
 + Level 2.8 Short Blades
 + Level 1.5 Throwing
 + Level 2.6 Dodging
 - Level 2.0 Stealth
 + Level 1.2 Spellcasting
 + Level 3.9 Conjurations
 + Level 1.3 Air Magic
 + Level 1.2 Invocations
 + Level 1.0 Evocations


You had 5 spell levels left.
You knew the following spells:

 Your Spells              Type           Power      Damage    Failure   Level
a - Shock                 Conj/Air       32%        1d5       9%          1

Your spell library contained the following spells:

 Spells                   Type           Power      Damage    Failure   Level
 Foxfire                  Conj/Fire      24%        2x1d5     12%         1
 Static Discharge         Conj/Air       8%         3-4/arc   13%         2
 Apportation              Tloc           0%         N/A       26%         1
 Poisonous Vapours        Pois/Air       4%         N/A       30%         2
 Conjure Flame            Conj/Fire      6%         6-21      34%         3
 Alistair's Intoxication  Tmut/Pois      0%         N/A       100%        5


Dungeon Overview and Level Annotations

Branches:
Dungeon (3/15)              Sewer (1/1)

Altars:


Innate Abilities, Weirdness & Mutations

You have large cloven feet.
You are partially covered in slimy green scales. (AC +2)
You may rarely emit foul miasma when damaged in melee.


Message History

Unknown command.
Unknown command.
Unknown command.
Unknown command.
You feel very sick.
The kobold brigand zaps a wand.
You shrug off the repeated paralysis!
Unknown command.
It was a potion of magic.
Magic courses through your body.
You feel very sick.
The kobold brigand hits you with a +0 club.
* * * LOW HITPOINT WARNING * * *
Unknown command.
You hit the kobold brigand but do no damage.
You kick the kobold brigand.
The kobold brigand is lightly wounded.
You feel sick.
The kobold brigand hits you but does no damage.
The kobold brigand closely misses you.
You hit the kobold brigand.
The kobold brigand is lightly wounded.
You feel sick.
The kobold brigand completely misses you.
You hit the kobold brigand but do no damage.
You kick the kobold brigand, but do no damage.
The kobold brigand is lightly wounded.
You feel sick.
The kobold brigand hits you with a +0 club.
* * * LOW HITPOINT WARNING * * *
The kobold brigand zaps a wand.
You suddenly lose the ability to move!
* * * LOW HITPOINT WARNING * * *
You feel sick.
The kobold brigand hits you but does no damage.
* * * LOW HITPOINT WARNING * * *
You feel sick.
The kobold brigand zaps a wand.
You shrug off the repeated paralysis!
The now-empty wand crumbles to dust.
* * * LOW HITPOINT WARNING * * *
You feel sick.
You are no longer poisoned.
The kobold brigand hits you with a +0 club!
You die...

≈≈≈≈≈≈≈.).#≈≈≈≈≈≈#
≈≈≈≈≈≈#...#~≈≈≈≈≈#
≈≈≈≈≈≈#...≈≈≈≈≈≈≈#
≈≈≈≈≈~#.).#≈≈≈≈≈≈#
≈≈≈≈≈~≈...#≈~≈≈≈≈#
≈≈≈≈≈(#...#~~≈≈≈≈#
~≈~≈~...≈...)≈≈≈~#
~~~~..#≈≈≈#..)≈~~#
......#≈≈≈#..@K..#
'#######5#######)#
......#.).#n.....#
≈.~~~≈.)...~≈~~~≈#
≈≈≈~≈#.n.#≈≈~≈≈≈#
#######'#########
###.).###
#.K.⌠.).#
..'...5..)'.....


You could see a kobold brigand.

Vanquished Creatures
  A necrophage (Sewer)
  A kobold brigand (Sewer)
  3 adders (D:2)
  2 shadow imps (Sewer)
  3 ufetubi (Sewer)
  A worm (D:2)
  A dart slug (D:1)
  6 endoplasms
  5 giant cockroaches
  4 goblins
  2 hobgoblins
  2 jackals (D:1)
  3 quokkas
  10 ball pythons
  2 bats (D:1)
  4 frilled lizards
  A giant cockroach zombie (Sewer)
  20 kobolds
  3 kobold zombies (Sewer)
74 creatures vanquished.

Notes
Turn   | Place    | Note
-------+----------+-------------------------------------------
     0 | D:1      | chrisa4242 the Demonspawn Wanderer began the quest for the
                  | Orb.
     0 | D:1      | chrisa4242 set off with the following items: a +0 dagger, a
                  | scroll of fear, a +0 robe, a +0 helmet; and the following
                  | spells available to memorise: Shock, Foxfire, Static
                  | Discharge, Poisonous Vapours, Conjure Flame.
     0 | D:1      | Reached XP level 1. HP: 13/13 MP: 2/2
    56 | D:1      | Learned a level 1 spell: Shock
   204 | D:1      | Gained mutation: You have large cloven feet. [demonic
                  | ancestry]
   204 | D:1      | Reached XP level 2. HP: 7/19 MP: 1/3
   473 | D:1      | Found a faded altar of an unknown god.
  1173 | D:2      | Reached skill level 1 in Short Blades
  1173 | D:2      | Gained mutation: You may rarely emit foul miasma when
                  | damaged in melee. [demonic ancestry]
  1173 | D:2      | Reached XP level 3. HP: 24/24 MP: 4/4
  2134 | D:2      | Reached XP level 4. HP: 30/30 MP: 5/5
  2467 | D:3      | Found a glowing drain.
  2501 | Sewer    | Entered a sewer
  2806 | Sewer    | Noticed a kobold brigand
  2859 | Sewer    | Killed a kobold brigand
  2860 | Sewer    | Reached skill level 1 in Throwing
  2860 | Sewer    | Gained mutation: You are partially covered in slimy green
                  | scales. (AC +2) [demonic ancestry]
  2860 | Sewer    | Reached XP level 5. HP: 13/36 MP: 4/6
  2906 | Sewer    | Found an ancient bone altar of Kikubaaqudgha.
  3395 | Sewer    | Paralysed by a kobold brigand for 3 turns
  3396 | Sewer    | Reached skill level 1 in Fighting
  3402 | Sewer    | Paralysed by a kobold brigand for 4 turns
  3405 | Sewer    | HP: 1/37 [poisoned by a kobold brigand (curare-tipped
                  | dart)]
  3405 | Sewer    | Mangled by a kobold brigand

Illustrated notes

Levels and vault maps discovered:
D:1:      amcnicky_arrival_choice, layout_loops_ring,
          ebering_ecumenical_altar_sacrificial, minmay_misc_feat_cross,
          bh_walls_and_bars
D:2:      layout_basic
D:3:      minmay_general_purpose_star, layout_basic, portal_sewer_entry_f,
          roderic_roman_lattice, uniq_terence
Sewer:    kennysheep_sewer_church

Skill      XL: |  1  2  3  4  5 |
---------------+----------------+-----
Stealth        | 2 |  2.0
Short Blades   | 1 2 |  2.8
Dodging        | 2 |  2.6
Throwing       | 1 |  1.5
Fighting       | 1 |  1.1
Spellcasting   | |  1.2
Conjurations   | |  3.9
Air Magic      | |  1.3
Invocations    | |  1.2
Evocations     | |  1.0

Action                   |  1- 3 |  4- 6 || total
-------------------------+-------+-------++-------
Melee: Dagger            |    30 |       ||    30
       Short sword       |    98 |    87 ||   185
       Kick              |    18 |    23 ||    41
       Punch             |     1 |     1 ||     2
Throw: Dart              |     8 |    23 ||    31
 Cast: Shock             |     3 |    23 ||    26
  Use: Scroll            |     1 |     1 ||     2
       Potion            |       |     3 ||     3
 Stab: Sleeping          |     3 |     1 ||     4
Armor: Robe              |    41 |    39 ||    80
Dodge: Dodged            |    85 |    79 ||   164
